 Dungeon Crawl Stone Soup version bcrawl-1.40.2 (webtiles) character file.

Game seed: 17656301550045610345

10213342 Artagas the Evocator (level 27, 229/229 HPs)
             Began as a Formicid Wizard on Nov 13, 2023.
             Was the Champion of Ashenzari.
             Escaped with the Orb
             ... and 3 runes on Nov 16, 2023!
             The game lasted 06:48:16 (96559 turns).

Artagas the Evocator (Formicid Wizard)             Turns: 96559, Time: 06:48:17

Health: 229/229    AC: 41    Str: 23    XL:     27
Magic:  40/40      EV: 10    Int: 24    God:    Ashenzari [******]
Gold:   850        SH: 42    Dex: 11    Spells: 2/53 levels left

rFire    + + .     GDR:     40% V - +7 battleaxe (vamp) (curse)
rCold    . . .     SeeInvis +   c - +18 shield of the Gong {rElec rN+ MR+ EV-5} (curse)
rNeg     + . .     Gourm    .   h - +8 fire dragon scales (curse)
rPois    +         Faith    .   (helmet unavailable)
rElec    +         Spirit   .   R - +2 cloak {rPois} (curse)
rCorr    +         Reflect  +   f - +0 pair of gloves "Fiemn" {rCorr SInv} (curse)
MR       ++++.     Clarity  +   P - +2 pair of boots of the Stars {Str+2} (curse)
Stlth    +.........             K - +3 amulet of reflection (curse)
HPRegen  0.48/turn              G - ring of protection from cold (curse)
MPRegen  0.27/turn              F - ring of Robustness {AC+8} (curse)

@: swift, flying (expiring), studying Slings, deflect missiles, quick
A: permanent stasis, dig shafts and tunnels, four strong arms, antennae 3, large
bone plates 1, agile 1, clever 1, magic resistance 1, electricity resistance,
subdued magic 1
0: Orb of Zot
}: 3/15 runes: decaying, abyssal, gossamer
a: Dig, Shaft Self, Curse Item, Scrying, Transfer Knowledge, Renounce Religion


You escaped.
You worshipped Ashenzari.
Ashenzari was exalted by your worship.
You were full.

You visited 10 branches of the dungeon, and saw 42 of its levels.
You visited the Abyss 3 times.
You visited 1 bazaar.

You collected 10413 gold pieces.
You spent 9563 gold pieces at shops.

Inventory:

Hand Weapons
 V - a cursed +7 vampiric battleaxe (weapon)
   (You found it on level 2 of the Vaults)
Missiles
 j - 15 javelins
 L - 24 steel javelins (quivered)
 M - 8 throwing nets {=f}
 S - 53 exploding tomahawks
 W - 26 poisoned tomahawks
Armour
 c - the cursed +18 shield of the Gong (worn) {rElec rN+ MR+ EV-5}
   (You took it off Donald on level 2 of the Vaults)

   It affects your evasion (-5).
   It insulates you from electricity.
   It protects you from negative energy.
   It affects your resistance to hostile enchantments.
   It has a curse placed upon it.
 f - the cursed +0 pair of gloves "Fiemn" (worn) {rCorr SInv}
   (You found it on level 4 of the Depths)

   It lets you see invisible.
   It provides partial protection from all sources of acid and corrosion.
   It has a curse placed upon it.
 h - cursed +8 fire dragon scales (worn)
   (You found it on level 6 of the Lair of Beasts)
 P - the cursed +2 pair of boots of the Stars (worn) {Str+2}
   (You found it on level 2 of the Crypt)

   It affects your strength (+2).
   It has a curse placed upon it.
 R - a cursed +2 cloak of poison resistance (worn)
   (You took it off Nikola on level 2 of the Elven Halls)
Jewellery
 g - the ring of Circhuacw {Wiz MR+ Str+3 Int+4}
   (You took it off a deep elf annihilator on level 3 of the Elven Halls)

   [ring of wizardry]

   It improves your spell success rate.
   It affects your strength (+3).
   It affects your intelligence (+4).
   It affects your resistance to hostile enchantments.
 F - the cursed ring of Robustness (right hand) {AC+8}
   (You bought it in a shop on level 1 of the Vaults)

   [ring of protection]

   It affects your AC (+8).
   It has a curse placed upon it.
 G - a cursed ring of protection from cold (left hand)
   (You took it off a vault sentinel on level 1 of the Vaults)
 K - a cursed +3 amulet of reflection (around neck)
   (You bought it in a shop in the Orcish Mines)
Wands
 t - a wand of acid (8)
   (You bought it in a shop in a bazaar)
 v - a wand of digging (30)
   (You found it on level 4 of the Dungeon)
 A - a wand of iceblast (40)
   (You bought it in a shop in a bazaar)
 B - a wand of charming (3)
   (You found it on level 5 of the Lair of Beasts)
 C - a wand of clouds (5)
   (You found it on level 2 of the Swamp)
 T - a wand of scattershot (2)
   (You found it on level 3 of the Swamp)
 U - a wand of paralysis (43)
   (You took it off a kobold brigand on level 8 of the Dungeon)
Scrolls
 k - 19 scrolls of remove curse
 l - 3 scrolls of revelation
 o - 5 scrolls of summoning
 p - 7 scrolls of fear
 u - 4 scrolls of immolation
 X - a scroll of fog
 Y - 3 scrolls of vulnerability
Potions
 b - 5 potions of cancellation
 d - 2 potions of might
 n - 3 potions of resistance
 q - 18 potions of curing
 s - 4 potions of agility
 w - 2 potions of heal wounds
 x - 4 potions of ambrosia
 y - 7 potions of brilliance
 z - 9 potions of mutation
 I - 8 potions of magic
 J - 2 potions of flight
 O - 5 potions of lignification
Miscellaneous
 a - a phial of floods (inert)
   (You found it on level 3 of the Elven Halls)
 i - a lamp of fire
   (You found it on level 1 of the Crypt)
 m - a lightning rod (4/4)
   (You bought it in a shop in a bazaar)
 r - a sack of spiders
   (You bought it in a shop in a bazaar)
 D - 2 phantom mirrors
 E - a fan of gales (1/2)
   (You found it on level 2 of the Depths)
 H - a box of beasts
Comestibles
 e - 19 rations {!d}


   Skills:
 + Level 21.5(25.6) Fighting
 - Level 15.6(20.8) Axes
   Level 5.6(14.6) Maces & Flails
   Level 5.1(14.3) Polearms
   Level 3.0(9.1) Staves
 - Level 11.2(16.3) Throwing
 + Level 17.4(21.9) Armour
 - Level 6.9(12.4) Dodging
 - Level 2.6(6.6) Stealth
 + Level 17.8(22.0) Shields
 - Level 13.8(18.8) Spellcasting
   Level 1.5(5.1) Conjurations
 - Level 11.2(16.0) Hexes
 - Level 8.7(14.0) Charms
 - Level 15.3(20.1) Summonings
 - Level 5.7(11.0) Necromancy
   Level 0.8(3.5) Translocations
 - Level 2.1(6.0) Transmutations
 - Level 11.0(16.1) Fire Magic
 - Level 3.7(9.0) Air Magic
 - Level 12.6(17.3) Earth Magic
   Level 6.2(11.1) Poison Magic
 - Level 23.0(27) Evocations


You had 2 spell levels left.
You knew the following spells:

 Your Spells              Type           Power        Failure   Level  Hunger
a - Summon Lightning Spi  Summ/Air       ######..     1%          5    None
b - Summon Fire Elementa  Fire/Summ      ######...    2%          7    ##.....
c - Invisibility          Hex            ######..     1%          6    None
d - Borgnjor's Vile Clut  Necr/Erth      ######....   2%          6    None
e - Cause Fear            Hex            ######....   1%          4    None
f - Deflect Missiles      Chrm/Air       ######....   8%          6    None
g - Piercing Shot         Chrm           ######....   1%          5    None
h - Yara's Violent Unrav  Hex/Tmut       ######....   1%          4    None
j - Aura of Abjuration    Summ           #######...   1%          6    None
l - Passwall              Tmut/Erth      ######..     1%          2    None

Your spell library contained the following spells:

 Spells                   Type           Power        Failure   Level  Hunger
 Corona                   Hex            ######.      0%          1    None
 Infusion                 Chrm           ######..     0%          1    None
 Sandblast                Erth           ######       0%          1    None
 Slow                     Hex            ######..     0%          1    None
 Summon Butterflies       Summ           #######.     0%          1    None
 Summon Small Mammal      Summ           ####         0%          1    None
 Call Imp                 Summ           ######       0%          2    None
 Shackle                  Hex            ######..     0%          2    None
 Apportation              Tloc           ####..       1%          1    None
 Flame Tongue             Conj/Fire      #####        1%          1    None
 Magic Dart               Conj           ####         1%          1    None
 Static Discharge         Air            ######       1%          1    None
 Sting                    Conj/Pois      ####         1%          1    None
 Ensorcelled Hibernation  Hex/Ice        #####.       1%          2    None
 Poisonous Vapours        Pois/Air       ######       1%          2    None
 Searing Ray              Conj           #####...     1%          2    None
 Shock                    Conj/Air       #####..      1%          2    None
 Sublimation of Blood     Necr           ######....   1%          2    None
 Swiftness                Chrm/Air       ######..     1%          2    None
 Throw Frost              Conj/Ice       ####..       1%          2    None
 Call Canine Familiar     Summ           #######.     0%          3    None
 Confuse                  Hex            ######..     0%          3    None
 False Image              Hex/Summ       ######..     0%          3    None
 Inner Flame              Hex/Fire       N/A          0%          3    None
 Tukima's Dance           Hex            ######..     0%          3    None
 Conjure Flame            Conj/Fire      ######..     1%          3    None
 Dazzling Orbs            Conj/Hex       ######.      1%          3    None
 Ignite Poison            Fire/Tmut/Pois ######..     1%          3    None
 Iskenderun's Mystic Bla  Conj           #####...     1%          3    None
 Mephitic Cloud           Conj/Pois/Air  #####...     1%          3    None
 Recall                   Summ/Tloc      N/A          1%          3    None
 Spider Form              Tmut/Pois      ###          1%          3    None
 Stone Arrow              Conj/Erth      ######       1%          3    None
 Fulminant Prism          Conj/Hex       ######....   1%          4    None
 Olgreb's Toxic Radiance  Pois           ######...    1%          4    None
 Petrify                  Tmut/Erth      ######....   1%          4    None
 Sticky Flame             Conj/Fire      ######..     1%          4    None
 Summon Ice Beast         Ice/Summ       ######..     1%          4    None
 Summon Scorpions         Summ/Pois      ######..     1%          4    None
 Tree Form                Hex/Tmut       N/A          1%          4    None
 Bolt of Magma            Conj/Fire/Erth ######....   1%          5    None
 Fireball                 Conj/Fire      ######....   1%          5    None
 Lee's Rapid Deconstruct  Erth           ######....   1%          5    None
 Steam Barrier            Chrm/Fire      ######....   1%          5    None
 Summon Forest            Summ/Tloc      ######....   1%          5    None
 Summon Hydra             Summ           #######...   1%          6    None
 Beckoning                Tloc           ####......   3%          3    None
 Lightning Bolt           Conj/Air       #####...     3%          4    None
 Iskenderun's Battlesphe  Conj/Chrm      ######..     3%          5    None
 Virulence                Hex/Pois       ######..     3%          6    None
 Venom Bolt               Conj/Pois      #####.....   5%          5    None
 Metabolic Englaciation   Hex/Ice        #####.....   6%          5    None
 Statue Form              Tmut/Erth      ######...    7%          6    None
 Irradiate                Conj/Tmut      #####.....   17%         5    None
 Freezing Cloud           Ice/Air        ####....     28%         5    None
 Spellforged Servitor     Conj/Summ      ######....   30%         7    ##.....
 Conjure Ball Lightning   Conj/Air       #####.....   47%         6    None
 Simulacrum               Ice/Necr       #####...     71%         6    None
 Bolt of Cold             Conj/Ice       ####......   98%         6    None
 Dragon Form              Tmut           #####..      99%         7    ##.....
 Ozocubu's Refrigeration  Ice            ###.......   100%        6    None
 Orb of Destruction       Conj           #####.....   100%        7    ##.....
 Necromutation            Tmut/Necr      #####...     100%        8    ####...
 Time Stop                Chrm/Tloc      N/A          100%        8    ####...
 Blink                    Tloc           Unusable     N/A         2    N/A

Dungeon Overview and Level Annotations

Branches:
Dungeon (12/12)            Temple (0/1) D:7            Lair (6/6) D:9
  Swamp (3/3) Lair:3       Spider (3/3) Lair:4        Slime (0/5) Orc
    Orc (1/1) D:8             Elf (3/3) Lair:5       Vaults (2/3) D:12
  Crypt (2/2) Vaults:2       Tomb (0/3) Crypt:2      Depths (5/5) D:12
    Zot (5/5) Depths:5

Altars:
Ashenzari
Cheibriados
Elyvilon
Gozag
Hepliaklqana
Kikubaaqudgha
Qazlal
Sif Muna
Uskayaw
Vehumet
Xom
Yredelemnul
Jiyva

Shops:
D:4 *   D:6 !   D:8 *   D:11 !   D:12 [   Orc [(=*   Vaults:1 =   Vaults:2 (
Depths:2 *:   Depths:4 ((*%

Portals:
Hell: Depths:1 Depths:2 Depths:3 Depths:4 Depths:5
Abyss: Depths:1 Depths:4
Pandemonium: Depths:3
Ziggurat: Depths:1

Annotations:
D:3 2 transporters, 1 runed door, lastchild's ghost, weakling EnAc
Lair:2 3 runed translucent doors, Lazarus1551's ghost, journeyman OnWz
Lair:3 exclusion: 2 oklob plants
Spider:1 1 runed translucent door, kosoiffoigrumme1174's ghost, journeyman VSMo
Zot:3 2 transporters, Emnejil's ghost, master VSBe


Innate Abilities, Weirdness & Mutations

You cannot be hasted, slowed, berserked, paralysed or teleported.
You can dig through walls and to a lower floor.
Your four strong arms can wield two-handed weapons with a shield.
You have a pair of large antennae on your head. (SInv)
You are partially covered in large bone plates. (SH +4)
You are agile. (Dex +2)
Your mind is acute. (Int +2)
You are resistant to hostile enchantments. (MR+)
You are resistant to electric shocks. (rElec)
Your spells are a little easier to cast, but a little less powerful.


Message History

Your primal stingweird beast hits the lich!!!
Your primal stingweird beast stings the lich!
Your primal stingweird beast closely misses the lich.
You block the ynoxinul's attack.
PTOANNNG!
A mysterious force pulls you upwards. The hatch slams shut behind you.
You extend your mandibles.
You dig through the rock wall.
You dig through the rock wall.
You dig through the rock wall.
You retract your mandibles.
You extend your mandibles.
You dig through the rock wall.
You dig through the rock wall.
You retract your mandibles.
A sixfirhy comes into view.
You extend your mandibles.
You dig through the rock wall.
You dig through the rock wall.
You dig through the rock wall.
You block the sixfirhy's attack.
GONNNNG!
You block the sixfirhy's attack.
GONNNNG!
You block the sixfirhy's attack.
PANG!
You dig through the rock wall.
You block the sixfirhy's attack.
BONNNG!
You block the sixfirhy's attack.
GONNNNG!
You dig through the rock wall.
You dig through the rock wall.
You block the sixfirhy's attack.
SHROANNG!
You dig through the rock wall.
You block the sixfirhy's attack.
GONNNNG!
You block the sixfirhy's attack.
BOUMMMMG!
The sixfirhy hits you but does no damage.
The sixfirhy barely misses you.
You dig through the rock wall.
Your magical contamination has completely faded away.
You retract your mandibles.
You extend your mandibles.
You dig through the rock wall.
You block the sixfirhy's attack.
PTOANNNG!
You block the sixfirhy's attack.
SHROANNG!
You block the sixfirhy's attack.
SHROANNG!
You dig through the rock wall.
You block the sixfirhy's attack.
GONNNNG!
You dig through the rock wall.
You dig through the rock wall.
The crimson imp shouts!
You block the sixfirhy's attack.
GONNNNG!
The sixfirhy barely misses you.
You retract your mandibles.
You block the sixfirhy's attack.
SHROANNG!
You block the sixfirhy's attack.
PTOANNNG!
You block the sixfirhy's attack.
GONNNNG!
The crimson imp breathes fire at you. The flame tongue misses you.
You block the crimson imp's attack.
PTOANNNG!
You block the crimson imp's attack.
GONNNNG!
You block the sixfirhy's attack.
GONNNNG!
You hear a bellow!
You block the sixfirhy's attack.
BOUMMMMG!
You block the sixfirhy's attack.
PANG!
You block the sixfirhy's attack.
GONNNNG!
There is a stone staircase leading up here.
You block the sixfirhy's attack.
BOUMMMMG!
You climb upwards.
There is a stone staircase leading down here.
You extend your mandibles.
You dig through the rock wall.
You dig through the rock wall.
You dig through the rock wall.
You retract your mandibles.
You feel very buoyant.
You fly up into the air.
There is an open door here.
There is an open door here.
There is an open door here.
There is an open door here.
There is a staircase leading out of the dungeon here.
You feel much better.
You feel better.
You feel better.
Enter note: 10!
You are starting to lose your buoyancy.
The power of the Orb breaks the dimensional shunt like a soap bubble!
You have escaped!

* ##'####'####'##≈.####.###.....
* ≈#.#.......#.#≈≈.##...........
#.#...8...#.#≈≈.##.#.#######. *≈
#.+.#####.'.#≈≈.##)#.# ##
#≈≈#.#...8...#.#≈≈.##.#.# #
#≈≈#.#.......#.#≈≈.##.#.########
#≈##'####'####'##≈.÷..#........#
#≈#..'.......'..#≈.####..#######
#≈#>.####'####.@#≈.# #..# #
##≈####≈≈≈.≈≈≈####≈.# #..# #
##≈≈≈≈≈≈≈≈.≈≈≈≈≈≈≈≈.####..# #
....................##....# ###
#######....#####.##.##.##.# #..
# #.#### #.##.##.########.# #
#)# #.##.##.#......... #
##.###### #.##.##.#.######## #
#...>÷..# #.##....#.#......#


There were no monsters in sight!

Vanquished Creatures
  A pandemonium lord (Depths:1)
  4 orbs of fire
  Mara (D:12)
  8 ancient liches
  5 golden dragons
  A Killer Klown (Zot:5)
  Saint Roka (D:12)
  Margery (Depths:5)
  3 caustic shrikes (Depths:3)
  Nikola (Elf:2)
  3 rockslimes
  2 bone dragons
  A hellephant (Zot:5)
  4 electric golems
  3 Orb Demons (Zot:2)
  28 Orb Guardians
  Frances (D:11)
  2 wendigos
  10 tentacled monstrosities
  A titan (D:12)
  A deep elf blademaster (Elf:3)
  6 liches
  2 quicksilver dragons
  4 death cobs
  7 tentacled starspawn
  2 sphinxes
  2 tengu reavers (Depths:3)
  6 shadow dragons
  3 balrugs
  3 ghouls
  13 draconian monks
  Donald (Vaults:2)
  13 storm dragons
  3 revenants (Crypt:2)
  8 draconian knights
  Louise (Swamp:2)
  A cacodemon (Depths:1)
  7 fire giants
  4 frost giants
  8 emperor scorpions
  An orc warlord (D:8)
  9 deep elf sorcerers
  4 ghost moths
  6 deep elf elementalists (Elf:3)
  12 draconian shifters
  4 vault wardens
  3 curse skulls
  11 draconian annihilators
  2 draconian stormcallers
  13 stone giants
  6 ironheart preservers
  32 very ugly things
  5 draconian scorchers
  3 eyes of devastation
  2 reapers
  9 jiangshi
  A spriggan defender (Depths:2)
  7 green draconians
  2 entropy weavers (Spider:1)
  8 vampire knights
  7 deep elf demonologists
  13 black draconians
  9 red draconians
  11 purple draconians
  A spectral titan (Crypt:2)
  17 white draconians
  A lorocyproca (Zot:5)
  Nessos (Lair:4)
  9 deep elf annihilators (Elf:3)
  2 dire elephants (Vaults:2)
  6 yellow draconians
  3 spark wasps
  9 deep elf death magi
  12 ettins
  2 eidola (Crypt:2)
  11 fire dragons
  Urug (Orc)
  A spectral golden dragon (Crypt:2)
  Erolcha (D:10)
  5 yaktaur captains
  15 hydras
  Fannar (D:12)
  3 deep elf high priests (Elf:3)
  4 rakshasas
  2 vault guards (D:12)
  Harold (Lair:6)
  18 shadow wraiths
  A naga warrior (Abyss:3)
  6 ice dragons
  4 quicksilver dragon skeletons (Crypt:1)
  5 ogre magi
  7 great orbs of eyes
  3 spriggan air magi
  Psyche (D:11)
  2 shambling mangroves
  6 death knights
  11 two-headed ogres
  7 alligators
  3 death yaks
  A spectral fire giant (Crypt:2)
  2 tengu warriors
  28 dancing weapons
  10 vampire magi
  11 deep troll shamans
  3 hell hogs
  7 deep troll earth magi
  3 orc high priests
  3 thrashing horrors (Abyss:3)
  An ironheart beastmaster (Vaults:2)
  Nergalle (D:11)
  19 deep trolls
  13 large abominations
  5 spriggan berserkers (Depths:5)
  A titan skeleton (Crypt:1)
  14 centaur warriors
  31 skeletal warriors
  A storm dragon skeleton (Crypt:1)
  A storm dragon zombie (Crypt:1)
  23 deep elf knights
  3 sixfirhies
  4 sun demons
  A spectral ghost moth (Crypt:2)
  32 hell knights
  4 wretched stars (Abyss:3)
  11 flayed ghosts
  A golden dragon zombie (Crypt:1)
  2 spriggan druids (Swamp:3)
  13 swamp dragons
  A salamander mystic (Depths:4)
  A death drake (Swamp:3)
  3 iron trolls
  16 wizards
  4 glowing orange brains
  10 deep elf archers
  8 ironheart convokers
  13 starcursed masses (Abyss:3)
  20 wolf spiders
  3 anaconda skeletons (Crypt:1)
  A lindwurm (Lair:6)
  A cyclops (D:6)
  30 ugly things
  2 orc knights
  24 phantasmal warriors
  A wolf spider zombie (D:11)
  A harpy (shapeshifter) (Lair:5)
  A mana viper (shapeshifter) (D:12)
  3 orange crystal statues
  A shadow dragon zombie (Crypt:1)
  69 deep elf magi
  14 necromancers
  16 orb spiders
  2 orc sorcerers (Orc)
  An apocalypse crab (Abyss:3)
  A manticore (D:12)
  2 fire giant zombies
  A faun (shapeshifter) (Depths:5)
  3 worldbinders
  A frost giant skeleton (Crypt:1)
  3 salamanders
  A sphinx skeleton (D:12)
  22 moths of wrath
  An elephant (shapeshifter) (D:12)
  4 black mambas
  A guardian serpent (Abyss:3)
  A water nymph (shapeshifter) (Depths:5)
  2 molten gargoyles (Lair:6)
  10 vault sentinels
  4 fire giant skeletons (Crypt:1)
  An ice statue (Spider:1)
  5 will-o'-wisps (Swamp:2)
  A smoke demon (Abyss:3)
  A dire elephant skeleton (Crypt:1)
  2 gargoyles
  A sea snake skeleton (Crypt:1)
  2 orange demons (Abyss:3)
  A cane toad (shapeshifter) (D:12)
  10 komodo dragons
  A torpor snail (Spider:2)
  9 demonic crawlers
  15 cane toads
  A hellion (Depths:1)
  A shock serpent skeleton (Crypt:1)
  2 eyes of draining
  4 rime drakes
  6 freezing wraiths
  25 jumping spiders
  A komodo dragon (shapeshifter) (Depths:2)
  4 hellwings (D:12)
  2 kobold demonologists (Crypt:2)
  3 tormentors
  19 yaktaurs
  An efreet (D:12)
  16 flying skulls
  12 guardian mummies
  A harpy zombie (Crypt:1)
  A red devil (Depths:1)
  A hydra zombie (Crypt:1)
  9 ancient zymes
  A silent spectre (Abyss:3)
  2 tyrant leeches
  5 trolls
  2 tengu conjurers
  12 blink frogs
  17 hornets
  7 raiju (Abyss:3)
  6 bog bodies
  An ettin zombie (Crypt:2)
  Prince Ribbit (D:7)
  A spriggan zombie (D:12)
  A harpy skeleton (Crypt:1)
  10 slime creatures
  9 hippogriffs
  An ice dragon zombie (Abyss:3)
  A fire giant simulacrum (Vaults:1)
  2 hippogriffs (shapeshifter)
  A hydra skeleton (Crypt:1)
  Grum (D:11)
  A meliai zombie (D:11)
  2 frost giant simulacra
  A deep troll zombie (D:12)
  A fire dragon skeleton (Crypt:1)
  3 water elementals
  13 wraiths
  An air elemental (Elf:3)
  2 ice dragon skeletons (Crypt:1)
  4 wyverns
  10 spriggans
  11 shadows
  14 tarantellas
  2 ettin skeletons
  20 humans (D:12)
  A wyvern (shapeshifter) (Depths:5)
  A ynoxinul (Abyss:3)
  31 yaks
  2 black mamba skeletons (Crypt:1)
  3 fire elementals
  3 chaos spawn (Abyss:3)
  3 neqoxecs (Abyss:3)
  67 redbacks
  9 vampire mosquitoes
  5 basilisks
  5 hungry ghosts
  A wind drake skeleton (Crypt:1)
  Menkaure (D:7)
  A spectral cane toad (Crypt:2)
  A two-headed ogre zombie (Crypt:2)
  10 crocodiles
  14 swamp worms
  A warg (shapeshifter) (Depths:3)
  2 nagas (Abyss:3)
  3 water moccasins
  A water moccasin (shapeshifter) (Elf:3)
  6 porcupines
  3 floating eyes
  A black bear (D:8)
  5 hell hounds (Lair:6)
  3 sky beasts
  13 swamp drakes
  A black bear (shapeshifter) (Depths:2)
  2 cane toad skeletons
  25 orc warriors
  2 ice beasts
  A manticore zombie (Crypt:1)
  A phantom (D:11)
  9 boggarts
  24 ogres
  2 necrophages (Crypt:2)
  2 wolves (D:11)
  A hog zombie (Crypt:1)
  A tengu (shapeshifter) (Depths:3)
  A swamp dragon skeleton (Crypt:1)
  A rime drake zombie (Crypt:1)
  A snapping turtle skeleton (Crypt:1)
  7 kobold brigands
  2 manticore skeletons (Crypt:1)
  7 bullfrogs
  7 small abominations (Abyss:3)
  3 gnoll sergeants (D:8)
  4 centaurs
  3 scorpions
  A cyclops skeleton (Crypt:2)
  A water moccasin skeleton (D:10)
  A human simulacrum (Vaults:1)
  20 wights
  2 killer bees
  An electric eel (Spider:2)
  14 orc priests
  5 lava snakes (Lair:6)
  8 crimson imps
  A soldier ant zombie (Crypt:2)
  A jelly (D:5)
  A quasit (Abyss:3)
  2 human zombies (Crypt:1)
  2 hounds
  15 orc wizards
  3 iron imps (Abyss:3)
  3 human skeletons
  2 hell rats (Lair:2)
  3 iguanas
  Natasha (D:3)
  9 worker ants
  A tengu zombie (Crypt:2)
  A tengu skeleton (Crypt:1)
  3 mummies
  A hound zombie (D:5)
  4 hound skeletons
  11 gnolls
  A howler monkey skeleton (D:7)
  8 adders
  7 river rats (Lair:2)
  2 shadow imps
  A white imp (Vaults:1)
  4 ufetubi
  A halfling zombie (Crypt:1)
  An oni zombie (Crypt:2)
  An adder skeleton (D:7)
  3 worms
  A dart slug (D:1)
  6 leopard geckos
  54 orcs
  3 bats
  2 goblins (D:1)
  10 hobgoblins
  18 jackals
  13 kobolds
  A quokka (D:4)
  A ball python (D:1)
  4 frilled lizards
  A jackal skeleton (Crypt:1)
  A kobold skeleton (Crypt:1)
  A quokka zombie (Crypt:2)
  9 rats
  A spectral orc (Crypt:2)
  A butterfly (D:8)
  8 starspawn tentacles (Abyss:3)
1998 creatures vanquished.

Vanquished Creatures (collateral kills)
  3 Killer Klowns
  A caustic shrike (Depths:3)
  A rockslime (Zot:2)
  A death cob (Zot:2)
  A storm dragon (Zot:4)
  2 ghouls (Vaults:2)
  A draconian knight (Zot:4)
  A draconian shifter (Zot:2)
  3 draconian annihilators
  2 draconian stormcallers
  A green draconian (Zot:5)
  2 black draconians
  4 yellow draconians
  A spark wasp (Spider:2)
  2 red draconians
  A deep elf death mage (Depths:5)
  2 mummy priests (Crypt:2)
  A deep elf high priest (Depths:4)
  A spriggan air mage (Depths:5)
  Sonja (D:11)
  2 deep troll earth magi (Depths:3)
  A death yak (Lair:6)
  A sun demon (Depths:1)
  5 deep trolls
  A sixfirhy (Depths:1)
  A glowing orange brain (shapeshifter) (Depths:2)
  An orb spider (Spider:1)
  3 deep elf magi
  2 moths of wrath (Zot:2)
  2 cane toads
  A komodo dragon (Lair:2)
  A yaktaur (Depths:4)
  A flying skull (Crypt:2)
  An anaconda simulacrum (Crypt:2)
  A red devil (Depths:1)
  A troll (D:8)
  A hornet (Swamp:3)
  A blink frog (Lair:6)
  A meliai zombie (D:9)
  A tarantella (Spider:2)
  4 yaks
  A hungry ghost (D:5)
  A crocodile (Lair:3)
  Edmund (D:6)
  6 hell hounds
  A water moccasin (D:8)
  An ice beast (D:5)
  A porcupine (Lair:3)
  An orc warrior (D:8)
  2 sky beasts
  2 boggarts (Depths:2)
  An ogre (D:5)
  A bullfrog (D:8)
  2 kobold brigands
  2 gnoll sergeants (D:8)
  A centaur (D:5)
  A scorpion (D:6)
  3 killer bees
  2 wights
  2 howler monkeys
  2 orc priests
  A crimson imp (Depths:3)
  2 jellies
  3 orc wizards
  A bullfrog skeleton (D:7)
  Natasha (twice) (D:3)
  Terence (D:3)
  4 worker ants
  2 gnolls (D:6)
  8 adders
  2 shadow imps
  An adder zombie (D:7)
  3 worms
  2 dart slugs
  A leopard gecko (D:4)
  8 orcs
  3 goblins
  5 hobgoblins
  5 jackals
  A quokka (D:1)
  2 ball pythons
  A frilled lizard (D:2)
  8 kobolds
  A rat (D:2)
  A fungus (Lair:6)
167 creatures vanquished.

Vanquished Creatures (others)
  2 Orb Demons
  2 deep elf master archers (Elf:3)
  2 draconian monks (Zot:3)
  A draconian knight (Zot:4)
  A ghost moth (Zot:5)
  A stone giant (Depths:1)
  A vault warden (Vaults:2)
  A draconian annihilator (Zot:1)
  An eye of devastation (Depths:2)
  3 deep elf annihilators (Elf:3)
  A white draconian (Zot:3)
  A two-headed ogre (Vaults:1)
  A deep elf knight (Elf:1)
  9 centaur warriors
  A deep elf archer (Elf:3)
  A cyclops (Vaults:1)
  A deep elf mage (Elf:2)
  A salamander (Depths:4)
  5 moths of wrath
  10 yaktaurs
  A harpy skeleton (D:12)
  A human (D:12)
  An electric eel (D:12)
  A crimson imp (Depths:1)
  An iron imp (Abyss:3)
  An orc wizard (Depths:4)
  A kobold (D:12)
  A fungus (Lair:6)
  A lurking horror (Abyss:3)
  7 plants
  15 starspawn tentacles
  5 withered plants (D:12)
82 creatures vanquished.

Grand Total: 2247 creatures vanquished

Notes
Turn   | Place    | Note
-------+----------+-------------------------------------------
     0 | D:1      | Artagas the Formicid Wizard began the quest for the Orb.
     0 | D:1      | Reached XP level 1. HP: 13/13 MP: 4/4
   133 | D:1      | Reached skill level 1 in Conjurations
   239 | D:1      | Reached skill level 1 in Fighting
   267 | D:1      | Reached XP level 2. HP: 15/21 MP: 0/6
   374 | D:1      | Reached skill level 2 in Fighting
   532 | D:1      | Reached skill level 1 in Staves
   590 | D:1      | Reached XP level 3. HP: 27/27 MP: 4/7
   640 | D:1      | Learned a level 2 spell: Call Imp
   644 | D:1      | Learned a level 3 spell: Mephitic Cloud
  1140 | D:1      | Reached skill level 2 in Staves
  1775 | D:1      | Reached XP level 4. HP: 29/33 MP: 1/8
  2046 | D:2      | Reached skill level 2 in Summonings
  2100 | D:2      | Found a shimmering altar of Xom.
  2519 | D:2      | Reached skill level 3 in Fighting
  2519 | D:2      | Reached XP level 5. HP: 38/41 MP: 5/9
  2907 | D:2      | Reached skill level 3 in Staves
  3097 | D:3      | Noticed Terence
  3322 | D:3      | Reached skill level 4 in Spellcasting
  3322 | D:3      | Reached XP level 6. HP: 21/47 MP: 6/12
  3451 | D:3      | Killed Terence
  3452 | D:3      | Reached skill level 4 in Fighting
  3586 | D:3      | Found a transporter.
  3628 | D:3      | Noticed lastchild's ghost (weakling EnAc)
  3694 | D:3      | Found a transporter.
  3871 | D:3      | Reached skill level 1 in Maces & Flails
  4007 | D:3      | Noticed Natasha
  4123 | D:3      | Found a white marble altar of Elyvilon.
  4146 | D:3      | Became a worshipper of Elyvilon the Healer
  4189 | D:3      | Fell from the grace of Elyvilon
  4287 | D:3      | Killed Natasha
  4288 | D:3      | Reached skill level 2 in Maces & Flails
  4448 | D:3      | Found a runed door.
  4550 | D:4      | Reached XP level 7. HP: 53/55 MP: 9/13
  4603 | D:4      | Reached skill level 5 in Fighting
  4714 | D:4      | Reached skill level 3 in Maces & Flails
  4877 | D:4      | Reached skill level 1 in Poison Magic
  4979 | D:4      | Found Naucsot's General Store.
  4989 | D:4      | Bought a scroll of remove curse for 36 gold pieces
  5242 | D:4      | Reached skill level 2 in Poison Magic
  5672 | D:5      | Entered Level 5 of the Dungeon
  5710 | D:5      | Reached skill level 3 in Poison Magic
  5745 | D:5      | Found a shattered altar of Ashenzari.
  5765 | D:5      | Reached skill level 1 in Air Magic
  5765 | D:5      | Reached skill level 1 in Armour
  5765 | D:5      | Reached XP level 8. HP: 54/62 MP: 10/14
  5767 | D:5      | Became a worshipper of Ashenzari the Shackled
  5768 | D:5      | Found the cursed amulet of Vision {SInv *Curse}
  5876 | D:5      | Reached skill level 2 in Armour
  6015 | D:5      | Reached skill level 3 in Summonings
  6112 | D:5      | Reached skill level 4 in Summonings
  6206 | D:3      | Noticed Natasha
  6215 | D:3      | Killed Natasha
  6252 | D:3      | Noticed Natasha
  6260 | D:3      | Killed Natasha
  6261 | D:3      | Reached skill level 1 in Evocations
  6461 | D:5      | Reached skill level 2 in Evocations
  6718 | D:5      | Reached skill level 3 in Evocations
  6753 | D:5      | Reached skill level 6 in Fighting
  6826 | D:5      | Found a snail-covered altar of Cheibriados.
  7031 | D:5      | Identified the amulet "Qaecem" {Inacc rN+}
  7244 | D:5      | Reached XP level 9. HP: 71/71 MP: 5/15
  7371 | D:5      | Reached skill level 7 in Fighting
  7606 | D:5      | HP: 9/74 [killer bee (3)]
  7612 | D:5      | Reached skill level 8 in Fighting
  7798 | D:6      | Noticed Edmund
  7866 | D:6      | Reached skill level 4 in Poison Magic
  8009 | D:6      | Killed Edmund
  8050 | D:6      | Reached skill level 5 in Poison Magic
  8050 | D:6      | Reached skill level 4 in Evocations
  8100 | D:6      | Learned a level 3 spell: Conjure Flame
  8121 | D:6      | Noticed a gargoyle
  8123 | D:6      | Killed a gargoyle
  8247 | D:6      | Reached skill level 9 in Fighting
  8287 | D:6      | Found Ylethroup's Distillery.
  8289 | D:6      | Noticed a cyclops
  8294 | D:6      | You fall into a shaft and drop 3 floors!
  8303 | D:9      | Got the long sword "Leviticus" {venom, rF- rN+ Int+3}
  8333 | D:8      | Reached skill level 2 in Dodging
  8360 | D:8      | Reached skill level 5 in Evocations
  8416 | D:8      | Reached skill level 4 in Maces & Flails
  8417 | D:8      | Reached XP level 10. HP: 69/83 MP: 5/16
  8426 | D:8      | Reached skill level 6 in Evocations
  8598 | D:7      | Reached skill level 3 in Dodging
  8676 | D:7      | Learned a level 2 spell: Shackle
  8740 | D:7      | Reached skill level 2 in Throwing
  8878 | D:7      | Reached skill level 3 in Throwing
  8888 | D:7      | Noticed a deep elf mage
  8894 | D:7      | Killed a deep elf mage
  8895 | D:7      | Reached skill level 4 in Throwing
  8937 | D:7      | Noticed Prince Ribbit
  8957 | D:7      | Killed Prince Ribbit
  9064 | D:7      | Noticed Menkaure
  9067 | D:7      | Killed Menkaure
  9189 | D:7      | Reached skill level 10 in Fighting
  9239 | D:7      | Reached skill level 5 in Maces & Flails
  9527 | D:7      | Found a staircase to the Ecumenical Temple.
 10016 | D:6      | Reached skill level 5 in Spellcasting
 10060 | D:6      | Found a stormy altar of Qazlal.
 10125 | D:6      | Found an opulent altar of Gozag.
 10907 | D:6      | Killed a cyclops
 10908 | D:6      | Reached skill level 5 in Throwing
 10908 | D:6      | Reached XP level 11. HP: 62/90 MP: 14/18
 11310 | D:6      | Bought a potion of heal wounds for 50 gold pieces
 11408 | D:6      | Reached skill level 1 in Hexes
 11794 | D:8      | Reached skill level 2 in Hexes
 11907 | D:7      | Reached skill level 3 in Hexes
 12147 | D:8      | Reached skill level 1 in Polearms
 12241 | D:7      | Reached skill level 2 in Polearms
 12473 | D:8      | Reached * piety under Ashenzari
 12502 | D:8      | Reached skill level 3 in Polearms
 12575 | D:8      | Found a staircase to the Orcish Mines.
 12720 | D:8      | Found Wupum's Assorted Antiques.
 12741 | D:8      | Reached skill level 4 in Polearms
 13242 | D:9      | Found a hazy altar of Hepliaklqana.
 13362 | D:8      | Reached skill level 1 in Shields
 13455 | D:9      | Reached skill level 2 in Shields
 13629 | D:9      | Found a staircase to the Lair.
 13698 | D:9      | Found a shimmering blue altar of Sif Muna.
 13718 | D:9      | Reached skill level 5 in Polearms
 13764 | D:9      | Found an ancient bone altar of Kikubaaqudgha.
 13764 | D:9      | Found a hide-covered altar of Uskayaw.
 14561 | D:9      | Reached skill level 6 in Polearms
 14710 | D:4      | Bought the +5 glaive of Cuwkoos {flame, *Slow MR++ Dex+4}
                  | for 658 gold pieces
 14711 | D:4      | Identified the +9 long sword "Leviticus" {venom, rF- rN+
                  | Int+3} (You found it on level 9 of the Dungeon)
 14766 | D:6      | Bought a potion of magic for 50 gold pieces
 14854 | Lair:1   | Entered Level 1 of the Lair of Beasts
 15277 | Lair:1   | Reached ** piety under Ashenzari
 15431 | Lair:1   | Reached skill level 7 in Polearms
 15436 | Lair:1   | Reached XP level 12. HP: 87/99 MP: 15/19
 15456 | Lair:1   | Reached skill level 8 in Polearms
 15934 | Lair:1   | Reached skill level 9 in Polearms
 16324 | Lair:2   | Noticed a minotaur
 16325 | Lair:2   | Noticed Lazarus1551's ghost (journeyman OnWz)
 16383 | Lair:2   | Reached skill level 10 in Polearms
 16538 | Lair:2   | Found a runed translucent gate.
 16539 | Lair:2   | Found a runed translucent gate.
 16539 | Lair:2   | Found a runed translucent gate.
 16629 | Lair:2   | Learned a level 4 spell: Cause Fear
 16811 | Lair:2   | Reached *** piety under Ashenzari
 17849 | Lair:2   | Reached skill level 11 in Polearms
 18549 | Lair:3   | Reached skill level 11 in Fighting
 18773 | Lair:3   | Found a staircase to the Swamp.
 18985 | Lair:3   | Reached XP level 13. HP: 91/106 MP: 15/20
 19181 | Lair:3   | Learned a level 3 spell: Confuse
 19541 | Lair:4   | Reached **** piety under Ashenzari
 19633 | Lair:4   | Reached skill level 12 in Fighting
 20073 | Lair:4   | Noticed Nessos
 20080 | Lair:4   | Killed Nessos
 20286 | Lair:4   | Found a hole to the Spider Nest.
 20709 | Lair:5   | Found a staircase to the Elven Halls.
 20773 | Lair:5   | Reached skill level 12 in Polearms
 21084 | Lair:5   | Reached ***** piety under Ashenzari
 21670 | D:6      | Bought 2 potions of curing for 50 gold pieces
 21670 | D:6      | Bought a potion of might for 40 gold pieces
 21670 | D:6      | Bought a potion of ambrosia for 40 gold pieces
 21670 | D:6      | Bought a potion of agility for 40 gold pieces
 21732 | D:8      | Bought a scroll of identify for 50 gold pieces
 21990 | Lair:6   | Entered Level 6 of the Lair of Beasts
 22477 | Lair:6   | Noticed a seven-headed hydra
 22482 | Lair:6   | Killed a seven-headed hydra
 22749 | Lair:6   | Reached skill level 3 in Shields
 22933 | Lair:6   | Reached skill level 3 in Armour
 23224 | Lair:6   | Reached skill level 4 in Shields
 23464 | Lair:6   | Noticed a six-headed hydra
 23468 | Lair:6   | Killed a six-headed hydra
 23469 | Lair:6   | Reached skill level 5 in Shields
 23532 | Lair:5   | Reached skill level 4 in Armour
 23688 | Lair:6   | Noticed Harold
 23691 | Lair:6   | Reached skill level 6 in Shields
 23760 | Lair:6   | Killed Harold
 23761 | Lair:6   | Reached XP level 14. HP: 54/116 MP: 15/21
 24256 | Lair:6   | Reached skill level 4 in Dodging
 24298 | Lair:6   | Reached skill level 5 in Armour
 24298 | Lair:6   | Reached skill level 7 in Shields
 24309 | Lair:6   | Identified the ring "Gad Qaqe" {+Blink rPois Dex+2 Stlth+}
 24311 | Lair:6   | Found a large runed door.
 24584 | Lair:6   | Found a large runed door.
 25444 | D:10     | Entered Level 10 of the Dungeon
 25636 | D:10     | Identified the +8 rapier "Mabbomn" {flame, rPois MR- Int+3}
 25736 | D:10     | Noticed Erolcha
 25743 | D:10     | Killed Erolcha
 25744 | D:10     | Reached skill level 13 in Polearms
 25946 | D:11     | Noticed Frances
 26015 | D:11     | Noticed Psyche
 26083 | D:11     | Killed Psyche
 26418 | D:11     | Noticed Grum
 26447 | D:11     | Killed Grum
 26522 | D:11     | Noticed Nergalle
 26536 | D:11     | Killed Nergalle
 26537 | D:11     | Reached skill level 6 in Spellcasting
 27003 | D:11     | Noticed Sonja
 27019 | D:11     | Reached skill level 8 in Shields
 27140 | D:11     | Killed Sonja
 27339 | D:11     | Found Cerud's Distillery.
 27356 | D:11     | Bought a potion of heal wounds for 55 gold pieces
 27356 | D:11     | Bought a potion of ambrosia for 44 gold pieces
 27356 | D:11     | Bought a potion of magic for 55 gold pieces
 27356 | D:11     | Bought a potion of agility for 44 gold pieces
 27356 | D:11     | Bought a potion of agility for 44 gold pieces
 27737 | D:11     | Killed Frances
 27738 | D:11     | Reached skill level 6 in Armour
 28017 | D:12     | Entered Level 12 of the Dungeon
 29131 | D:12     | Reached skill level 14 in Polearms
 29230 | D:12     | Found a staircase to the Depths.
 29924 | D:12     | Learned a level 5 spell: Piercing Shot
 30053 | D:12     | Reached XP level 15. HP: 100/122 MP: 24/24
 30119 | D:12     | Found Maelal's Antique Armour Emporium.
 30132 | D:12     | Reached skill level 1 in Charms
 30195 | D:12     | Noticed Fannar
 30201 | D:12     | Killed Fannar
 30202 | D:12     | Reached skill level 2 in Charms
 30408 | D:12     | Reached skill level 3 in Charms
 30919 | D:12     | Found a gate to the Vaults.
 30949 | D:12     | Reached skill level 7 in Evocations
 31001 | D:12     | Reached ****** piety under Ashenzari
 31972 | Orc      | Entered the Orcish Mines
 32045 | Orc      | Found a radiant altar of Vehumet.
 32336 | Orc      | Reached skill level 5 in Dodging
 32500 | Orc      | Reached skill level 7 in Armour
 32660 | Orc      | Noticed an orc warlord
 32661 | Orc      | Noticed Urug
 32721 | D:8      | Killed an orc warlord
 32782 | Orc      | Killed Urug
 32783 | Orc      | Reached skill level 9 in Shields
 33126 | Orc      | Found a roughly hewn altar of Beogh.
 33493 | Orc      | Found Isiagamp's General Store.
 33646 | Orc      | Found a viscous altar of Jiyva.
 33649 | Orc      | Found a staircase to the Slime Pits.
 33841 | Orc      | Found Ukhoxkiy's Jewellery Shoppe.
 34073 | Orc      | Found Ziluet's Antique Armour Shoppe.
 34114 | Orc      | Found Netugez's Antique Weapon Shoppe.
 34272 | Orc      | Bought a +3 amulet of reflection for 312 gold pieces
 34430 | D:12     | Bought a shiny chain mail for 210 gold pieces
 34440 | D:12     | Bought a glowing chain mail for 210 gold pieces
 34699 | Spider:1 | Entered Level 1 of the Spider Nest
 34769 | Spider:1 | Reached skill level 8 in Armour
 34985 | Spider:1 | Reached skill level 9 in Armour
 35272 | Spider:1 | Reached skill level 6 in Poison Magic
 35283 | Spider:1 | Reached skill level 4 in Hexes
 35340 | Spider:1 | Reached skill level 5 in Hexes
 35344 | Spider:1 | Reached XP level 16. HP: 129/129 MP: 26/26
 35493 | Spider:1 | Reached skill level 6 in Hexes
 35680 | Spider:1 | Reached skill level 7 in Spellcasting
 35986 | Spider:1 | Found a runed translucent door.
 35987 | Spider:1 | Noticed kosoiffoigrumme1174's ghost (journeyman VSMo)
 36337 | Spider:2 | Reached skill level 7 in Hexes
 36391 | Spider:2 | Reached skill level 4 in Charms
 36457 | Spider:1 | Reached skill level 5 in Charms
 36791 | Spider:2 | Reached skill level 6 in Charms
 37188 | Spider:2 | Reached skill level 13 in Fighting
 37623 | Spider:3 | Entered Level 3 of the Spider Nest
 37955 | Spider:3 | Reached skill level 7 in Charms
 38705 | Spider:3 | Reached skill level 6 in Throwing
 39043 | Spider:3 | Reached XP level 17. HP: 116/137 MP: 21/28
 39177 | Spider:3 | Reached skill level 15 in Polearms
 39177 | Spider:3 | Reached skill level 7 in Throwing
 39737 | Spider:3 | Reached skill level 10 in Armour
 39737 | Spider:3 | Reached skill level 8 in Spellcasting
 39771 | Spider:3 | Got a gossamer rune of Zot
 40076 | Swamp:1  | Entered Level 1 of the Swamp
 40581 | Swamp:1  | Reached skill level 6 in Dodging
 41412 | Swamp:2  | Identified a scroll of acquirement
 41481 | Swamp:2  | Identified the cursed +1 demon trident "Billian" {venom,
                  | *Rage +Rage Dex+4} (You acquired it on level 2 of the
                  | Swamp)
 41481 | Swamp:2  | Identified the cursed +4 buckler "Biroewk" {rPois rF- rN++
                  | Str+2} (You acquired it on level 2 of the Swamp)
 41481 | Swamp:2  | Identified the cursed amulet of Patience {RegenMP Int+3}
                  | (You acquired it on level 2 of the Swamp)
 41704 | Swamp:2  | Noticed Louise
 41716 | Swamp:2  | Killed Louise
 41717 | Swamp:2  | Reached skill level 7 in Dodging
 41830 | Swamp:3  | Entered Level 3 of the Swamp
 41837 | Swamp:3  | Reached skill level 10 in Shields
 42819 | Swamp:3  | Reached skill level 14 in Fighting
 42836 | Swamp:3  | Reached XP level 18. HP: 128/143 MP: 30/30
 43353 | Swamp:3  | Reached skill level 11 in Armour
 43664 | Swamp:3  | Reached skill level 8 in Throwing
 44881 | Swamp:3  | Got a decaying rune of Zot
 45267 | Vaults:1 | Entered Level 1 of the Vaults
 45282 | Vaults:1 | Reached skill level 8 in Evocations
 45326 | D:12     | Bought a crude troll leather armour for 560 gold pieces
 45326 | D:12     | Identified the +0 troll leather armour of Erret {rF+ MR+
                  | Regen+} (You bought it in a shop on level 12 of the
                  | Dungeon)
 45451 | D:6      | Bought a potion of resistance for 100 gold pieces
 45451 | D:6      | Bought a potion of curing for 25 gold pieces
 45513 | D:8      | Bought a wand of paralysis (14) for 125 gold pieces
 45574 | Orc      | Bought a runed chain mail for 217 gold pieces
 46377 | D:12     | Reached skill level 15 in Fighting
 46882 | Vaults:1 | Noticed Saint Roka
 47063 | D:12     | Killed Saint Roka
 47064 | D:12     | Reached skill level 8 in Dodging
 47517 | Vaults:1 | Found Gog Moqi's Jewellery Shop.
 47539 | Vaults:1 | Reached skill level 11 in Shields
 47919 | D:4      | Bought 141 javelins for 169 gold pieces
 48167 | Vaults:1 | Reached skill level 9 in Spellcasting
 48167 | Vaults:1 | Reached XP level 19. HP: 131/155 MP: 27/32
 48224 | Vaults:1 | Identified the +3 morningstar of Jassuk {crush, rPois}
 48896 | Vaults:1 | Reached skill level 16 in Fighting
 48996 | Vaults:1 | Reached skill level 9 in Evocations
 49876 | Vaults:2 | Noticed Donald
 49964 | Vaults:2 | Killed Donald
 49965 | Vaults:2 | Reached skill level 10 in Evocations
 50115 | Vaults:2 | Found a staircase to the Crypt.
 50335 | Vaults:2 | Reached skill level 12 in Shields
 50708 | Vaults:2 | Reached skill level 13 in Shields
 50926 | Vaults:2 | Reached skill level 9 in Throwing
 51050 | Vaults:2 | Reached XP level 20. HP: 166/166 MP: 33/33
 51053 | Vaults:2 | Found Qaexack's Antique Weapon Emporium.
 51474 | Vaults:2 | Learned a level 4 spell: Yara's Violent Unravelling
 51826 | Elf:1    | Entered Level 1 of the Elven Halls
 51826 | Elf:1    | Identified the ring "Azem" {*Corrode Dex+7 Stlth--}
 51855 | Lair:5   | Reached skill level 1 in Transmutations
 52089 | Lair:5   | Reached skill level 2 in Transmutations
 52180 | Lair:5   | Reached skill level 8 in Hexes
 52222 | Elf:1    | Noticed a Hell Sentinel
 52270 | Lair:5   | Reached skill level 9 in Hexes
 52946 | Elf:1    | Reached skill level 10 in Hexes
 53391 | Elf:1    | Identified Burepowk's Incunabulum of Supportive
                  | Confrontation
 53593 | Elf:1    | Learned a level 4 spell: Summon Scorpions
 53600 | Elf:1    | Learned a level 6 spell: Aura of Abjuration
 53798 | Elf:2    | Reached skill level 17 in Fighting
 53802 | Elf:2    | Reached skill level 5 in Summonings
 54244 | Elf:2    | Found a runed gate.
 54245 | Elf:2    | Found a runed gate.
 54245 | Elf:2    | Found a runed gate.
 54304 | Elf:3    | Entered Level 3 of the Elven Halls
 54345 | Elf:3    | Reached skill level 6 in Summonings
 54397 | Elf:3    | Found a flickering gateway to a bazaar.
 54406 | Bazaar   | Entered a bazaar
 54406 | Bazaar   | Identified the ring "Daonluih" {+Fly rElec}
 54456 | Bazaar   | Found Eghiquti's Distillery.
 54489 | Bazaar   | Found Erith's Distillery.
 54538 | Bazaar   | Found Dyleimif's Gadget Emporium.
 54570 | Bazaar   | Found Qicvuge's Gadget Emporium.
 54578 | Bazaar   | Bought a lightning rod (4/4) for 400 gold pieces
 54578 | Bazaar   | Bought a sack of spiders for 300 gold pieces
 54599 | Bazaar   | Bought a wand of acid (7) for 208 gold pieces
 54599 | Bazaar   | Bought a box of beasts for 260 gold pieces
 54599 | Bazaar   | Bought a wand of acid (4) for 130 gold pieces
 54599 | Bazaar   | Bought a phantom mirror for 260 gold pieces
 54603 | Bazaar   | Bought a wand of iceblast (3) for 78 gold pieces
 54648 | Bazaar   | Bought a potion of heal wounds for 60 gold pieces
 54648 | Bazaar   | Bought a potion of curing for 30 gold pieces
 54648 | Bazaar   | Bought a potion of mutation for 96 gold pieces
 54648 | Bazaar   | Bought a potion of curing for 30 gold pieces
 54648 | Bazaar   | Bought a potion of heal wounds for 60 gold pieces
 54648 | Bazaar   | Bought a potion of resistance for 120 gold pieces
 54648 | Bazaar   | Bought a potion of resistance for 120 gold pieces
 54676 | Bazaar   | Bought a potion of curing for 42 gold pieces
 54676 | Bazaar   | Bought a potion of curing for 42 gold pieces
 54676 | Bazaar   | Bought a potion of cancellation for 85 gold pieces
 54980 | Elf:3    | Reached skill level 7 in Summonings
 55389 | Elf:3    | Reached XP level 21. HP: 112/175 MP: 34/34
 55588 | Elf:3    | Noticed a Brimstone Fiend
 55639 | Elf:3    | Reached skill level 8 in Summonings
 55680 | Elf:3    | Identified the cursed +0 battleaxe of the Mushroom {flame,
                  | rC- MR+ Dex+4}
 55680 | Elf:3    | Identified the cursed ring "Kosees" {Slay+3 Stlth--}
 55812 | Elf:3    | Reached skill level 9 in Summonings
 56110 | Elf:3    | Identified the cursed +1 broad axe of Duty {chop, Str+2}
 56126 | Elf:3    | Reached skill level 10 in Summonings
 56134 | Elf:3    | Identified the amulet "Hevuife" {RegenMP Int+5 Dex-5
                  | Slay+5}
 56142 | Elf:3    | Identified the cursed +1 glaive "Isoolac" {flame, MR+}
 56142 | Elf:3    | Identified the amulet of Selouf Pueno {Spirit rPois Int+4}
 56157 | Elf:3    | Gained mutation: You are partially covered in large bone
                  | plates. (SH +4) [mutagenic glow]
 56185 | Elf:3    | Gained mutation: Your spells are a little easier to cast,
                  | but a little less powerful. [mutagenic glow]
 56924 | Elf:3    | Identified the ring of Circhuacw {Wiz MR+ Str+3 Int+4}
 56959 | Elf:2    | Identified the cursed +0 pair of gloves of Quantum Leap
                  | {Int+2} (You acquired it on level 2 of the Elven Halls)
 56959 | Elf:2    | Identified the Incunabulum of Combat Magic (You acquired it
                  | on level 2 of the Elven Halls)
 57292 | Elf:3    | Reached skill level 12 in Armour
 57956 | Elf:3    | Identified the +2 scale mail of Cowardice {+Blink Slay+2}
 58483 | Depths:1 | Entered Level 1 of the Depths
 58631 | Depths:1 | Noticed Mara
 58759 | D:12     | Reached skill level 11 in Evocations
 59734 | Crypt:1  | Entered Level 1 of the Crypt
 59987 | Crypt:1  | Reached skill level 12 in Evocations
 60136 | Vaults:2 | Reached skill level 9 in Dodging
 60154 | Vaults:2 | Reached XP level 22. HP: 173/182 MP: 35/35
 60550 | Vaults:2 | Reached skill level 10 in Dodging
 61332 | Elf:2    | Noticed Nikola
 61359 | Elf:2    | Killed Nikola
 61372 | Elf:2    | Reached skill level 11 in Dodging
 61418 | Elf:2    | Reached skill level 1 in Axes
 61457 | Elf:2    | Reduced skill Polearms to level 14
 61462 | Elf:2    | Reached skill level 2 in Axes
 61465 | Elf:2    | Reached skill level 12 in Dodging
 61474 | Elf:2    | Reached skill level 3 in Axes
 61489 | Elf:2    | Reached skill level 4 in Axes
 61945 | Elf:2    | Reached skill level 5 in Axes
 62219 | Elf:2    | Reached skill level 6 in Axes
 62253 | Elf:2    | Reduced skill Polearms to level 13
 63199 | Vaults:2 | Reached skill level 7 in Axes
 63406 | Crypt:1  | Reached skill level 8 in Axes
 63649 | Crypt:1  | Reached skill level 9 in Axes
 63694 | Crypt:1  | Reduced skill Polearms to level 12
 63813 | Crypt:1  | Reached skill level 10 in Axes
 63989 | Crypt:1  | Reached skill level 11 in Axes
 64096 | Crypt:1  | Reduced skill Polearms to level 11
 64222 | Crypt:1  | Reached skill level 12 in Axes
 65443 | Crypt:1  | Reached skill level 10 in Spellcasting
 65666 | Crypt:1  | Reduced skill Polearms to level 10
 65686 | Crypt:1  | Reached skill level 13 in Axes
 65686 | Crypt:1  | Identified the +5 long sword of Doom {slice, *Slow rElec
                  | Str+6 Stlth+}
 65972 | Crypt:1  | Identified the cursed ring of Lucidity {rElec rN++ Int+6
                  | SInv} (You acquired it on level 1 of the Crypt)
 65972 | Crypt:1  | Identified the Grimoire of the Frostbite and Attacks (You
                  | acquired it on level 1 of the Crypt)
 66174 | Vaults:1 | Bought the ring of Robustness {AC+8} for 2516 gold pieces
 66174 | Vaults:1 | Found the ring of Robustness {AC+8}
 66512 | Crypt:2  | Entered Level 2 of the Crypt
 66543 | Crypt:2  | Reduced skill Polearms to level 9
 66563 | Crypt:2  | Found a shimmering blue altar of Sif Muna.
 66568 | Crypt:2  | Reached skill level 14 in Axes
 66588 | Crypt:2  | Reduced skill Polearms to level 8
 66906 | Crypt:2  | Reduced skill Polearms to level 7
 66914 | Crypt:2  | Reached XP level 23. HP: 136/188 MP: 37/37
 67000 | Crypt:2  | Identified the +2 pair of boots of the Stars {Str+2}
 67022 | Crypt:2  | Identified the Tome of Companions
 67158 | Crypt:1  | Reached skill level 15 in Axes
 67162 | Crypt:1  | Reached skill level 11 in Spellcasting
 67210 | Crypt:1  | Reduced skill Polearms to level 6
 67328 | Crypt:1  | Reduced skill Polearms to level 5
 67678 | Crypt:2  | Learned a level 5 spell: Summon Lightning Spire
 67809 | Crypt:2  | Reached skill level 11 in Summonings
 67809 | Crypt:2  | Reached skill level 2 in Air Magic
 68178 | Crypt:2  | Found a staircase to the Tomb.
 68498 | Crypt:2  | Reached skill level 12 in Summonings
 69228 | Crypt:2  | Reached skill level 18 in Fighting
 69479 | Crypt:2  | Found a basalt altar of Yredelemnul.
 69511 | Crypt:2  | Identified the Volume of Clay and Ignition
 69671 | Crypt:2  | Reached skill level 13 in Dodging
 69671 | Crypt:2  | Reached XP level 24. HP: 197/197 MP: 38/38
 69905 | Crypt:2  | Reached skill level 1 in Fire Magic
 69949 | Crypt:2  | Reached skill level 2 in Fire Magic
 70233 | Crypt:2  | Reached skill level 3 in Fire Magic
 70724 | Orc      | Bought a scroll of enchant armour for 120 gold pieces
 70724 | Orc      | Bought a scroll of summoning for 160 gold pieces
 71402 | Vaults:1 | Learned a level 7 spell: Summon Fire Elementals
 71660 | D:12     | Reached skill level 4 in Fire Magic
 71732 | Depths:1 | Noticed Artagas's illusion
 71739 | D:12     | Noticed Artagas's illusion
 71760 | D:12     | Killed Mara
 71761 | D:12     | Reached skill level 13 in Summonings
 71761 | D:12     | Reached skill level 5 in Fire Magic
 71761 | D:12     | Reached XP level 25. HP: 120/204 MP: 38/38
 71895 | Depths:1 | Found a gateway to Hell.
 72049 | Depths:1 | Found a one-way gate to the infinite horrors of the Abyss.
 72340 | Depths:1 | Found a gateway to a ziggurat.
 72759 | Depths:2 | Reached skill level 6 in Fire Magic
 72787 | Depths:2 | Reached skill level 7 in Fire Magic
 72870 | Depths:2 | Reached skill level 8 in Fire Magic
 73263 | Depths:2 | Reached skill level 9 in Fire Magic
 73795 | Depths:2 | Found Atipy's Assorted Antiques.
 73800 | Depths:2 | Bought a potion of curing for 62 gold pieces
 73943 | Depths:2 | Found Cischat's Book Shoppe.
 73984 | Depths:2 | Reached skill level 10 in Fire Magic
 74514 | Depths:3 | Reached skill level 14 in Summonings
 75245 | Depths:3 | Reached skill level 10 in Throwing
 75451 | Depths:3 | Found a one-way gate leading to the halls of Pandemonium.
 75518 | Depths:3 | Reached skill level 13 in Armour
 75534 | Depths:3 | Identified the +6 morningstar "Otoiclya" {crush, rPois}
 75596 | Depths:3 | Reached XP level 26. HP: 211/211 MP: 34/38
 75659 | Depths:3 | Reached skill level 11 in Throwing
 75746 | Depths:3 | Noticed a Killer Klown
 75759 | Depths:3 | Killed a Killer Klown
 76428 | Depths:3 | Identified the +3 robe of Hedge Wizardry {rC+ Regen+}
 76950 | Depths:4 | Found Istuag Ejuy's Antique Weapon Boutique.
 77300 | Depths:4 | Noticed an ancient lich
 77304 | Depths:4 | Reached skill level 14 in Shields
 77333 | Depths:3 | Learned a level 2 spell: Passwall
 77498 | Depths:4 | Reached skill level 1 in Earth Magic
 77816 | Depths:4 | Reached skill level 14 in Armour
 77897 | Depths:3 | Killed an ancient lich
 78259 | Depths:4 | Identified the +1 ring mail of Ribrochou {rPois Dex+3}
 78458 | Depths:4 | Identified the cursed +0 pair of gloves "Fiemn" {rCorr
                  | SInv}
 78648 | Depths:4 | Found Gyuch's Food Emporium.
 78652 | Depths:4 | Found Cenis's Assorted Antiques.
 78653 | Depths:4 | Found Ihufar's Antique Weapon Emporium.
 78759 | Depths:4 | Identified the Disquisition on the Assistive Mountains
 78907 | Depths:5 | Entered Level 5 of the Depths
 78972 | Depths:5 | Reached skill level 11 in Fire Magic
 79003 | Depths:5 | Noticed Margery
 79006 | Depths:5 | Reached skill level 15 in Summonings
 79017 | Depths:5 | Killed Margery
 79028 | Depths:5 | Reached XP level 27. HP: 182/220 MP: 23/38
 79067 | Depths:5 | Reached skill level 13 in Evocations
 79222 | Depths:5 | Reached skill level 19 in Fighting
 79285 | Depths:5 | Identified the +8 halberd of Untruth {chop, *Corrode rElec
                  | Str+8 Int+4}
 79820 | Depths:5 | Found a gate to the Realm of Zot.
 80744 | Vaults:1 | Learned a level 6 spell: Borgnjor's Vile Clutch
 80870 | Depths:1 | Voluntarily entered the Abyss.
 80902 | Abyss:2  | Found a corrupted altar of Lugonu.
 80922 | Abyss:3  | Found a corrupted altar of Lugonu.
 80996 | Abyss:3  | Reached skill level 2 in Earth Magic
 81006 | Abyss:3  | Reached skill level 3 in Earth Magic
 81069 | Abyss:3  | Reached skill level 1 in Necromancy
 81080 | Abyss:3  | Reached skill level 4 in Earth Magic
 81085 | Abyss:3  | Reached skill level 5 in Earth Magic
 81085 | Abyss:3  | Reached skill level 2 in Necromancy
 81096 | Abyss:3  | Reduced skill Dodging to level 12
 81096 | Abyss:3  | Reached skill level 6 in Earth Magic
 81096 | Abyss:3  | Reached skill level 3 in Necromancy
 81102 | Abyss:3  | Reached skill level 7 in Earth Magic
 81141 | Abyss:3  | Reached skill level 8 in Earth Magic
 81161 | Abyss:3  | Reached skill level 4 in Necromancy
 81190 | Depths:1 | Escaped the Abyss
 81194 | Depths:1 | Reduced skill Dodging to level 11
 81194 | Depths:1 | Reached skill level 9 in Earth Magic
 81348 | Depths:1 | Voluntarily entered the Abyss.
 81490 | Abyss:3  | Found a glowing silver altar of Zin.
 81490 | Abyss:3  | Found a white marble altar of Elyvilon.
 81490 | Abyss:3  | Found an iron altar of Okawaru.
 81490 | Abyss:3  | Found a blossoming altar of Fedhas.
 81490 | Abyss:3  | Found a corrupted altar of Lugonu.
 81490 | Abyss:3  | Found a shattered altar of Ashenzari.
 81490 | Abyss:3  | Found an ancient bone altar of Kikubaaqudgha.
 81490 | Abyss:3  | Found a burning altar of Makhleb.
 81490 | Abyss:3  | Found a glowing golden altar of the Shining One.
 81490 | Abyss:3  | Found a snail-covered altar of Cheibriados.
 81490 | Abyss:3  | Found a white marble altar of Elyvilon.
 81491 | Abyss:3  | Found an opulent altar of Gozag.
 81493 | Abyss:3  | Found a sparkling altar of Nemelex Xobeh.
 81493 | Abyss:3  | Found a hazy altar of Hepliaklqana.
 81493 | Abyss:3  | Found a shimmering altar of Xom.
 81495 | Abyss:3  | Found a hide-covered altar of Uskayaw.
 81495 | Abyss:3  | Found a radiant altar of Vehumet.
 81495 | Abyss:3  | Found a stormy altar of Qazlal.
 81495 | Abyss:3  | Found a basalt altar of Yredelemnul.
 81497 | Abyss:3  | Found an ornate altar of the Wu Jian Council.
 81497 | Abyss:3  | Found a shadowy altar of Dithmenos.
 81497 | Abyss:3  | Found a shimmering blue altar of Sif Muna.
 81510 | Abyss:3  | Reached skill level 5 in Necromancy
 81616 | Abyss:3  | Reached skill level 10 in Earth Magic
 81755 | Abyss:3  | Reduced skill Dodging to level 10
 81755 | Abyss:3  | Reached skill level 11 in Earth Magic
 81775 | Abyss:3  | Reached skill level 12 in Spellcasting
 81787 | Abyss:3  | Reached skill level 12 in Earth Magic
 81790 | Depths:1 | Escaped the Abyss
 81896 | Depths:1 | Voluntarily entered the Abyss.
 81974 | Abyss:3  | Reduced skill Dodging to level 9
 82029 | Abyss:3  | Reached skill level 15 in Armour
 82074 | Abyss:3  | Reached skill level 11 in Hexes
 82078 | Abyss:3  | Got an abyssal rune of Zot
 82121 | Depths:1 | Escaped the Abyss
 82405 | Depths:2 | Bought a book of Party Tricks for 1200 gold pieces
 82577 | Vaults:1 | Learned a level 6 spell: Invisibility
 82802 | Zot:1    | Entered Level 1 of the Realm of Zot
 82813 | Zot:1    | Reached skill level 15 in Shields
 82973 | Zot:1    | Identified the ring "Yjeyqaor" {SInv Stlth--}
 83006 | Zot:1    | Reached skill level 14 in Evocations
 83116 | Zot:1    | Reached skill level 15 in Evocations
 83359 | Zot:1    | Reached skill level 20 in Fighting
 83788 | Zot:1    | Noticed a golden dragon
 83803 | Zot:1    | Killed a golden dragon
 84630 | Zot:2    | Noticed a golden dragon
 84648 | Zot:2    | Reached skill level 16 in Shields
 84649 | Zot:2    | Killed a golden dragon
 84652 | Zot:2    | Noticed a golden dragon
 84801 | Zot:2    | Killed a golden dragon
 84802 | Zot:2    | Reached skill level 16 in Armour
 84935 | Zot:3    | Noticed an orb of fire
 84976 | Zot:3    | Gained mutation: You are resistant to electric shocks.
                  | (rElec) [an orb of fire]
 84993 | Zot:2    | Gained mutation: Your magical capacity is low. (-10% MP)
                  | [an orb of fire]
 84996 | Zot:2    | Killed an orb of fire
 85236 | Zot:2    | Reached skill level 16 in Evocations
 85659 | Zot:3    | Reached skill level 17 in Evocations
 85911 | Zot:3    | Reached skill level 18 in Evocations
 85916 | Zot:3    | Noticed Emnejil's ghost (master VSBe)
 86328 | Zot:4    | Reached skill level 19 in Evocations
 87085 | Zot:5    | Entered Level 5 of the Realm of Zot
 87119 | Zot:4    | Reached skill level 20 in Evocations
 87513 | Zot:5    | Noticed an ancient lich
 87526 | Zot:5    | Killed an ancient lich
 87775 | Zot:5    | Noticed an ancient lich
 87789 | Zot:5    | Killed an ancient lich
 88091 | Zot:5    | Noticed a Killer Klown
 88136 | Zot:5    | Killed a Killer Klown
 88416 | Zot:5    | Reached skill level 21 in Evocations
 88635 | Zot:5    | Noticed a Killer Klown
 88647 | Zot:5    | Noticed an ancient lich
 88650 | Zot:5    | Killed a Killer Klown
 88670 | Zot:5    | Killed an ancient lich
 89001 | Zot:5    | Noticed a golden dragon
 89238 | Zot:5    | Noticed an ancient lich
 89311 | Zot:5    | Noticed an orb of fire
 89333 | Zot:5    | Gained mutation: You are dopey. (Int -2) [an orb of fire]
 89334 | Zot:5    | Killed an orb of fire
 89445 | Zot:5    | Noticed an ancient lich
 89463 | Zot:5    | Killed an ancient lich
 89870 | Zot:5    | Reached skill level 22 in Evocations
 90056 | Zot:5    | Killed an ancient lich
 91244 | Zot:3    | Found a transporter.
 91246 | Zot:3    | Found a transporter.
 92872 | Zot:5    | Learned a level 6 spell: Deflect Missiles
 92999 | Zot:5    | Reduced skill Dodging to level 8
 92999 | Zot:5    | Reached skill level 3 in Air Magic
 93448 | Zot:5    | Noticed an orb of fire
 93470 | Zot:5    | Killed an orb of fire
 93471 | Zot:5    | Reduced skill Dodging to level 7
 93471 | Zot:5    | Reached skill level 13 in Spellcasting
 93471 | Zot:5    | Reached skill level 8 in Charms
 93759 | Zot:5    | Noticed an ancient lich
 93765 | Zot:5    | Killed an ancient lich
 93765 | Zot:5    | Noticed a Killer Klown
 93766 | Zot:5    | Reduced skill Dodging to level 6
 94021 | Zot:5    | Noticed a golden dragon
 94037 | Zot:5    | Killed a golden dragon
 94392 | Zot:5    | Noticed an ancient lich
 94397 | Zot:5    | Killed an ancient lich
 94757 | Zot:5    | Noticed an orb of fire
 94765 | Zot:5    | Gained mutation: Scrolls take you a little longer to read.
                  | [an orb of fire]
 94767 | Zot:5    | Killed a golden dragon
 94778 | Zot:5    | Gained mutation: You are weak. (Str -2) [an orb of fire]
 94780 | Zot:5    | Killed an orb of fire
 94781 | Zot:5    | Reached skill level 23 in Evocations
 94917 | Zot:5    | Lost mutation: You are dopey. (Int -2) [potion of mutation]
 94917 | Zot:5    | Lost mutation: Your magical capacity is low. (-10% MP)
                  | [potion of mutation]
 94917 | Zot:5    | Lost mutation: You are weak. (Str -2) [potion of mutation]
 94917 | Zot:5    | Lost mutation: Scrolls take you a little longer to read.
                  | [potion of mutation]
 94917 | Zot:5    | Gained mutation: You are resistant to hostile enchantments.
                  | (MR+) [potion of mutation]
 94917 | Zot:5    | Gained mutation: You are agile. (Dex +2) [potion of
                  | mutation]
 94917 | Zot:5    | Gained mutation: Your mind is acute. (Int +2) [potion of
                  | mutation]
 95247 | Zot:5    | Reached skill level 21 in Fighting
 95326 | Zot:5    | Killed a Killer Klown
 95327 | Zot:5    | Reached skill level 17 in Shields
 95666 | Zot:5    | Reached skill level 17 in Armour
 95921 | Zot:5    | Got the Orb of Zot
 96087 | Zot:1    | Noticed Qiydett the pandemonium lord
 96189 | Depths:1 | Noticed Jeppid Yskee the pandemonium lord
 96205 | Depths:1 | Killed Jeppid Yskee the pandemonium lord
 96475 | D:3      | Noticed Wuvyecrippoe the pandemonium lord
 96558 | D:1      | 10!
 96559 | D:$      | Escaped with the Orb!

Skill      XL: |  1  2  3  4  5  6  7  8  9 10 11 12 13 14 15 16 17 18 19 20 21 22 23 24 25 26 27 |
---------------+----------------------------------------------------------------------------------+-----
Conjurations   | 1 |  1.5
Fighting       | 1 2 3 4 5 6 9 10 11 12 13 14 15 16 17 18 21 | 21.5
Staves         | 1 2 3 |  3.0
Summonings     | 2 4 7 10 12 13 14 15 | 15.3
Spellcasting   | 4 5 6 7 8 9 10 11 13 | 13.8
Maces & Flails | 2 3 4 5 |  5.6
Poison Magic   | 3 5 6 |  6.2
Air Magic      | 1 2 3 |  3.7
Armour         | 1 2 4 6 9 10 11 12 13 14 17 | 17.4
Evocations     | 3 5 6 7 8 10 12 23 | 23.0
Dodging        | 2 3 4 5 7 8 9 12 13 6 |  6.9
Throwing       | 5 6 7 8 9 10 11 | 11.2
Hexes          | 3 5 7 10 11 | 11.2
Polearms       | 7 11 12 14 15 7 5 |  5.1
Shields        | 2 6 8 9 10 11 13 14 17 | 17.8
Charms         | 3 7 8 |  8.7
Transmutations | 2 |  2.1
Axes           | 14 15 | 15.6
Fire Magic     | 5 10 11 | 11.0
Earth Magic    | 1 12 | 12.6
Necromancy     | 5 |  5.7
Stealth        | |  2.6
Translocations | |  0.8

Action                   |  1- 3 |  4- 6 |  7- 9 | 10-12 | 13-15 | 16-18 | 19-21 | 22-24 | 25-27 || total
-------------------------+-------+-------+-------+-------+-------+-------+-------+-------+-------++-------
Melee: Staff             |   105 |   144 |       |       |       |       |       |       |       ||   249
       Mace              |       |    49 |   157 |    22 |       |       |       |       |       ||   228
       Flail             |       |       |    12 |   386 |       |       |       |       |       ||   398
       Glaive            |       |       |       |   158 |   632 |   894 |  1075 |   418 |       ||  3177
       Battleaxe         |       |       |       |       |       |       |       |   794 |  2868 ||  3662
Throw: Javelin           |       |       |       |    16 |    25 |    68 |    46 |    56 |    65 ||   276
       Stone             |       |       |       |     1 |       |       |       |       |       ||     1
       Tomahawk          |       |       |       |     1 |   129 |   217 |    63 |       |       ||   410
 Cast: Magic Dart        |    53 |    29 |     1 |       |       |       |       |       |       ||    83
       Call Imp          |    16 |    62 |    77 |   108 |    52 |    17 |     8 |       |       ||   340
       Mephitic Cloud    |       |       |    13 |    62 |    35 |     8 |    15 |       |     1 ||   134
       Shackle           |       |       |       |     2 |       |       |       |       |       ||     2
       Cause Fear        |       |       |       |     2 |       |    26 |    11 |       |       ||    39
       Confuse           |       |       |       |       |    57 |    12 |     5 |       |       ||    74
       Piercing Shot     |       |       |       |       |       |     1 |     2 |     8 |     3 ||    14
       Summon Scorpions  |       |       |       |       |       |       |     9 |     3 |     2 ||    14
       Yara's Violent Un |       |       |       |       |       |       |     8 |       |    11 ||    19
       Aura of Abjuratio |       |       |       |       |       |       |     2 |     7 |    11 ||    20
       Summon Lightning  |       |       |       |       |       |       |       |     2 |    21 ||    23
       Summon Fire Eleme |       |       |       |       |       |       |       |       |    36 ||    36
       Borgnjor's Vile C |       |       |       |       |       |       |       |       |    60 ||    60
       Invisibility      |       |       |       |       |       |       |       |       |    35 ||    35
       Deflect Missiles  |       |       |       |       |       |       |       |       |     1 ||     1
Invok: Renounce Religion |       |     1 |       |       |       |       |       |       |       ||     1
       Curse Item        |       |       |     1 |     4 |     6 |       |     2 |     6 |       ||    19
       Transfer Knowledg |       |       |       |       |       |       |       |     3 |     2 ||     5
 Abil: Shaft Self        |       |       |     1 |       |       |       |       |       |       ||     1
       Dig               |       |       |       |    12 |    13 |     4 |     5 |     3 |    88 ||   125
Evoke: Wand              |       |       |     8 |    12 |    16 |    11 |     4 |    12 |    29 ||    92
       Lightning rod     |       |       |       |       |       |       |     1 |       |     5 ||     6
       Phial of floods   |       |       |       |       |       |       |       |     5 |     7 ||    12
       Lamp of fire      |       |       |       |       |       |       |       |     3 |     4 ||     7
       Sack of spiders   |       |       |       |       |       |       |       |     1 |     2 ||     3
       Fan of gales      |       |       |       |       |       |       |       |       |     3 ||     3
       Box of beasts     |       |       |       |       |       |       |       |       |     3 ||     3
       Phantom mirror    |       |       |       |       |       |       |       |       |     1 ||     1
  Use: Scroll            |       |     4 |     5 |    11 |     9 |     5 |     3 |    17 |    17 ||    71
       Potion            |       |     2 |     2 |       |     5 |     3 |     4 |     3 |    20 ||    39
 Stab: Sleeping          |       |     2 |       |     2 |     7 |     1 |     2 |       |     1 ||    15
       Distracted        |       |     2 |     1 |     4 |     3 |     7 |     2 |     4 |    15 ||    38
       Confused          |       |       |       |    21 |    39 |    17 |    10 |       |     3 ||    90
       Paralysed         |       |       |       |       |    17 |    12 |       |     6 |     1 ||    36
       Held in net/web   |       |       |       |       |       |     1 |       |       |       ||     1
       Fleeing           |       |       |       |       |       |     4 |     1 |       |       ||     5
       Invisible         |       |       |       |       |       |       |       |       |   124 ||   124
  Eat: Chunk             |     7 |    15 |    15 |    48 |    51 |    32 |    42 |     3 |    37 ||   250
       Ration            |       |       |     3 |     3 |     6 |     9 |     6 |    18 |    32 ||    77
Armor: Robe              |    18 |       |       |       |       |       |       |       |       ||    18
       Leather armour    |       |    46 |    40 |   141 |    47 |       |       |       |       ||   274
       Chain mail        |       |       |       |       |    22 |   287 |   122 |   380 |       ||   811
       Fire dragon scale |       |       |       |       |       |       |       |    26 |   698 ||   724
Dodge: Dodged            |    91 |   139 |   132 |   276 |   187 |   339 |   114 |   218 |   324 ||  1820
       Deflected         |       |       |       |       |       |       |       |       |    21 ||    21
Block: Buckler           |       |       |       |    67 |    70 |       |       |       |       ||   137
       Medium shield     |       |       |       |       |   105 |   786 |   934 |  1670 |  3513 ||  7008
       Reflection        |       |       |       |       |       |    51 |   145 |    39 |   103 ||   338

Levels and vault maps discovered:
D:1:      heliophobic_arrival_glass_houses, layout_loops_ring,
          serial_co_window_serial, co_window_corner_a, co_window_paths_a,
          co_window_of_opportunity_a, co_window_corner_a, co_window_paths_b,
          co_window_cross_1, co_window_corner_a, co_window_of_opportunity_b,
          co_window_corner_b, co_window_corner_ca, co_window_paths_e,
          glass_columns_a, glass_columns_a, glass_columns_b
D:2:      layout_loops_cross, xom_teletrap_fun, minmay_heptomino_h4
D:3:      layout_basic, marbit_many_paths, gammafunk_ghost_stat_death,
          uniq_natasha, uniq_terence, uniq_crazy_yiuf_cottage
D:4:      minmay_chambers_of_twos, layout_loops_ring, first_ration,
          serial_shops, shop
D:5:      layout_gridville, nicolae_overflow_crystal_walls, st_stairs_14,
          kennysheep_slug_shrine
D:6:      cheibrodos_fzero, layout_cave_pools, grunt_qazlal_sundering,
          grunt_gozag_statues, serial_shops, shop, uniq_edmund
D:7:      layout_loops_cross, minmay_temple_entry_butterflies, serial_glass,
          glass_columns_a, glass_columns_a, uniq_menkaure, uniq_prince_ribbit1
D:8:      layout_basic, kennysheep_orc_monster_closet_entryway, serial_shops,
          shop
D:9:      layout_irregular_city, grunt_temple_overflow_open
D:10:     layout_basic, uniq_erolcha
D:11:     layout_long_grid, serial_shops, shop_fountains, uniq_psyche,
          uniq_grum, uniq_sonja, uniq_frances, uniq_nergalle
D:12:     gammafunk_depths_entry_grave, layout_loops_ring,
          grunt_vaults_entry_tiered, serial_shops, nicolae_shop_behind_doors,
          serial_bayou_ford_a, uniq_fannar
Lair:1:   layout_chaotic_city, lemuel_fruit_tree, grunt_megastairs_5
Lair:2:   layout_long_grid, maelrawn_ghost_gauntlet_escape,
          kennysheep_abandoned_house
Lair:3:   layout_gridlike, swamp_mist, nicolae_lair_grove_arrangements,
          minmay_lair_oklob_chamber, serial_bayou_shore_a
Lair:4:   layout_cave_pods, spider_nest_entry_webs, uniq_nessos
Lair:5:   layout_cave_pods
Lair:6:   cheibrodos_lair_end_hotspot, layout_big_grid, gauntlet_entry_generic,
          patterned_corridor, uniq_harold
Swamp:1:  layout_basic_swamp, infiniplex_staircase_pool_2
Swamp:2:  layout_basic_swamp, serial_swamp_ruin, evilmike_swamp_ruin_house_4,
          hangedman_swamp_ruin_hall, uniq_louise
Swamp:3:  swamp_alternative, layout_basic_swamp
Spider:1: layout_spider_delve, gammafunk_ghost_grave,
          portal_ice_cave_entry_ice_statue_one
Spider:2: layout_spider_delve, spider_trap
Spider:3: grunt_spider_rune_circles
Orc:      grunt_orc_cross, layout_caves, dpeg_slime_entry_corner, basic_altar
Elf:1:    minmay_elf_arrival_plus, layout_gridlike, minmay_elf_sorcery,
          grunt_megastairs_1
Elf:2:    nicolae_elf_blades_splatter_lattice
          [nicolae_blade_entry_area_security], layout_geoelf_grid, uniq_nikola
Elf:3:    minmay_elf_hall_hex, layout_onion_city, serial_shops, bzr_firewalk
Vaults:1: st_diamondy, v_alt_pattern_5, nicolae_vaults_mini_display_case,
          nicolae_vaults_windows_and_doors_thing, v_misc_24, v_pattern_1,
          vaults_mumra_minichess_inversion, vaults_room_hallway,
          nicolae_vaults_yaktaur_gun_rack, vaults_mumra_lcd, v_misc_25,
          v_misc_8, serial_ice_g, layout_vaults_big_cross, serial_shops, shop,
          uniq_saint_roka
Vaults:2: v_misc_23, vaults_standard_mumra_lines, grunt_vaults_hallway_short,
          v_misc_25, nicolae_vaults_ring_of_whatevers, ontoclasm_vaults_eye,
          ontoclasm_vaults_fault, vaults_room_door_ring, vaults_room_pools,
          blue_anna_dwarven_crypt, nicolae_vaults_border_crossing,
          layout_vaults_omnigrid, serial_shops, nicolae_shop_stone, uniq_donald
Crypt:1:  minmay_skeleton_keep, layout_gridlike,
          grunt_crypt_arrival_guarded_gate
Crypt:2:  church_of_pain_bobbens, layout_chaotic_city,
          tomb_entry_sphere_bobbens, chequers_hall_statues_wall_a,
          moated_statue, hex_medium, hangedman_summoners_spam
Depths:1: layout_cave_pools, enter_ziggurat_b, glass_columns_a, abyss_entry,
          hellmouth_3, glass_columns_c, kennysheep_inner_square, firewood_loft,
          uniq_mara
Depths:2: kennysheep_blocky_room, layout_gridlike, lightli_too_deep,
          minmay_misc_feat_enclosed, serial_shops, nicolae_shop_statue_plus,
          shop, dk_noncrumbling_3, grunt_ministairs_11,
          minmay_staircase_windowed_large
Depths:3: minmay_connected_boxes_in_corner, layout_basic, pan_entry,
          hellmouth_1, hangedman_abyss_or_decor_stabs,
          infiniplex_staircase_pillars_3a
Depths:4: minmay_tri_stars, layout_cave_pools, serial_shops, shop, abyss_entry,
          pf_hell_entry_great_geh, minmay_shop_star, serial_bayou_shore_b
Depths:5: grunt_twist_and_shout, layout_cave_shapes, grunt_hell_entry_dis_old,
          uniq_margery
Zot:1:    layout_gridville, regret_index_zotdec_twisting_globes,
          grunt_ministairs_8
Zot:2:    layout_misc_corridors, grunt_ministairs_14, grunt_megastairs_2
Zot:3:    layout_cathedral_of_symmetry, bh_zot_lava_cross,
          gammafunk_ghost_mausoleum
Zot:4:    layout_cathedral_of_symmetry, hangedman_zot_gyre
Zot:5:    layout_misc_corridors, grunt_ministairs_14

Table legend:
 A = Turns spent in this place as a percentage of turns spent in the entire game.
 B = Non-inter-level travel turns spent in this place as a percentage of non-inter-level travel turns spent in the entire game.
 C = Inter-level travel turns spent in this place as a percentage of turns spent in this place.
 D = Turns resting spent in this place as a percentage of non-inter-level travel turns spent in this place.
 E = Turns spent auto-exploring this place as a percentage of non-inter-level travel turns spent in this place.
 F = Non-inter-level travel turns spent in this place divided by the number of levels of this place that you've seen.
                   A       B       C       D       E      F
               +-------+-------+-------+-------+-------+----------------------
         Total | 100.0 | 100.0 |  11.5 |  39.2 |  34.8 | 1743.4
       Dungeon |  28.4 |  27.1 |  15.5 |  39.9 |  34.4 | 1928.5
          Lair |  13.1 |  12.3 |  17.1 |  34.4 |  47.9 | 1753.7
         Swamp |   5.2 |   5.6 |   4.6 |  46.3 |  38.3 | 1584.7
   Spider Nest |   5.4 |   5.9 |   3.7 |  36.9 |  32.1 | 1673.3
  Orcish Mines |   2.1 |   2.2 |   7.3 |  40.5 |  34.9 | 1917.0
   Elven Halls |   7.7 |   7.8 |  10.5 |  38.7 |  33.9 | 2209.3
        Vaults |   7.1 |   6.0 |  26.1 |  29.9 |  46.0 | 2542.0
         Crypt |   5.9 |   6.2 |   6.2 |  36.2 |  26.4 | 2651.0
        Depths |  10.1 |  10.2 |  10.1 |  31.7 |  38.4 | 1748.0
           Zot |  13.7 |  15.3 |   1.7 |  53.3 |  24.0 | 2609.0
         Abyss |   1.0 |   1.2 |   0.0 |  10.0 |   0.0 | 164.5
        Bazaar |   0.3 |   0.3 |   0.0 |   0.0 |  47.9 | 284.0
               +-------+-------+-------+-------+-------+----------------------

Table legend:
 A = Kills in this place as a percentage of kills in entire the game.
 B = Kills by you in this place as a percentage of kills by you in the entire game.
 C = Kills by friends in this place as a percentage of kills by friends in the entire game.
 D = Other kills in this place as a percentage of other kills in the entire game.
 E = Experience gained in this place as a percentage of experience gained in the entire game.
 F = Experience gained in this place divided by the number of levels of this place that you have seen.
                   A       B       C       D       E      F
               +-------+-------+-------+-------+-------+----------------------
         Total | 100.0 | 100.0 | 100.0 | 100.0 | 100.0 | 33279.1
       Dungeon |  21.1 |  18.3 |  57.2 |  11.1 |   7.2 | 9737.5
          Lair |   7.2 |   7.4 |   4.8 |   4.8 |   3.1 | 8379.7
         Swamp |   5.0 |   5.5 |   0.6 |   1.6 |   3.1 | 17104.3
   Spider Nest |   8.2 |   8.9 |   1.8 |   3.2 |   4.7 | 25480.3
  Orcish Mines |   2.8 |   3.1 |   0.0 |   0.0 |   0.4 | 7249.0
   Elven Halls |   7.5 |   8.0 |   0.6 |  12.7 |   9.1 | 49694.7
        Vaults |   7.0 |   6.6 |   1.2 |  36.5 |   6.7 | 54642.5
         Crypt |  10.5 |  11.6 |   2.4 |   0.0 |   8.7 | 70661.5
        Depths |  14.4 |  14.1 |  18.1 |  15.9 |  21.1 | 68663.0
           Zot |  10.8 |  10.5 |  13.3 |  12.7 |  31.7 | 103322.0
         Abyss |   5.4 |   6.0 |   0.0 |   1.6 |   4.2 | 11488.2
               +-------+-------+-------+-------+-------+----------------------
